 Dungeon Crawl Stone Soup version 0.20.1-1-g8b1a95d (webtiles) character file.

11959 HighpriestofRu the Nimble (level 11, 0/40 HPs)
             Began as a Felid Venom Mage on Dec 3, 2017.
             Was a High Priest of Ru.
             Slain by a sixfirhy (11 damage)
             ... summoned by an orc sorcerer
             ... on level 2 of the Orcish Mines.
             The game lasted 02:24:48 (19463 turns).

HighpriestofRu the Nimble (Felid Venom Mage)       Turns: 19463, Time: 02:24:48

Health: 0/40       AC:  5    Str:  4    XL:     11   Next: 56%
Magic:  8/25       EV: 32    Int: 21    God:    Ru [*****.]
Gold:   1464       SH:  0    Dex: 27    Spells: 5/28 levels left
                                        Lives:  0   Deaths: 3

rFire    . . .     SeeInvis +   (weapon unavailable)
rCold    . . .     Gourm    .   (shield unavailable)
rNeg     . . .     Faith    +   (armour unavailable)
rPois    .         Spirit   .   (helmet unavailable)
rElec    .         Reflect  .   (cloak unavailable)
rCorr    .         Harm     .   (gloves unavailable)
MR       +....                  (boots unavailable)
Stlth    +++.......             z - amulet of faith
Regen    0.2/turn               j - +5 ring of dexterity
MPRegen  0.2/turn               y - +5 ring of dexterity

@: radiating poison, no potions, no scrolls, quick
A: no armour, no weapons or thrown items, stealth, claws 1, fangs 3, thin
metallic scales 1, see invisible, carnivore 3, fire resistance 1, speed 1,
shaggy fur 3, slow metabolism 1, wild magic 1, inability to drink while
threatened, inability to read while threatened, sharp paws, temperature
sensitive
a: Draw Out Power, Power Leap, Apocalypse, Renounce Religion


You were on level 2 of the Orcish Mines.
You worshipped Ru.
Ru was extremely pleased with you.
You were very full.

You visited 3 branches of the dungeon, and saw 15 of its levels.

You collected 1560 gold pieces.
You spent 96 gold pieces at shops.

Inventory:

Hand Weapons
 m - the +8 lance "Wyrmbane" {slay drac, rPois rF+ rC+ AC+3}
   (You found it on level 6 of the Dungeon)

   It affects your AC (+3).
   It protects you from fire.
   It protects you from cold.
   It protects you from poison.
Magical Staves
 n - an uncursed staff of energy {unknown}
Jewellery
 j - a +5 ring of dexterity (left paw)
 y - a +5 ring of dexterity (right paw)
 z - an amulet of faith (around neck)
 B - a +3 ring of strength {unknown}
 E - an uncursed ring of protection from magic {unknown}
Wands
 f - a wand of flame (0/48)
 g - a wand of lightning (2/15)
 p - a wand of paralysis (15/24)
 s - a wand of flame (2/48)
 x - a wand of enslavement (7/24)
Scrolls
 c - 3 scrolls of teleportation
 d - 8 scrolls of remove curse
 h - a scroll of blinking
 k - 7 scrolls of identify
 q - 3 scrolls of amnesia
 v - a scroll of random uselessness
 w - 3 scrolls of magic mapping
 C - 2 scrolls of recharging
Potions
 e - a potion of invisibility
 l - 4 potions of brilliance
 o - a potion of magic
 r - a potion of curing
Books
 a - a Young Poisoner's Handbook

   Spells                             Type                      Level
   a - Sting                          Conjuration/Poison           1
   b - Poisonous Vapours              Poison/Air                   2
   c - Mephitic Cloud                 Conjuration/Poison/Air       3
   d - Olgreb's Toxic Radiance        Poison                       4
   e - Venom Bolt                     Conjuration/Poison           5
 t - a book of Minor Magic

   Spells                             Type                      Level
   a - Magic Dart                     Conjuration                  1
   b - Blink                          Translocation                2
   c - Call Imp                       Summoning                    2
   d - Slow                           Hexes                        2
   e - Conjure Flame                  Conjuration/Fire             3
   f - Mephitic Cloud                 Conjuration/Poison/Air       3
 A - a Young Poisoner's Handbook

   Spells                             Type                      Level
   a - Sting                          Conjuration/Poison           1
   b - Poisonous Vapours              Poison/Air                   2
   c - Mephitic Cloud                 Conjuration/Poison/Air       3
   d - Olgreb's Toxic Radiance        Poison                       4
   e - Venom Bolt                     Conjuration/Poison           5
Miscellaneous
 D - a lamp of fire
Comestibles
 b - 13 meat rations
 i - 3 royal jellies


   Skills:
 + Level 11.7 Dodging
 - Level 2.6 Stealth
 + Level 9.3 Spellcasting
 * Level 10.8 Conjurations
 * Level 10.9 Poison Magic


You had 5 spell levels left.
You knew the following spells:

 Your Spells              Type           Power        Failure   Level  Hunger
a - Sting                 Conj/Pois      ####         1%          1    None
b - Poisonous Vapours     Pois/Air       #####.       2%          2    None
c - Olgreb's Toxic Radia  Pois           ######..     1%          4    ##.....
d - Mephitic Cloud        Conj/Pois/Air  ######..     2%          3    None
e - Venom Bolt            Conj/Pois      ######....   4%          5    #####..
f - Magic Dart            Conj           ####         1%          1    None
g - Conjure Flame         Conj/Fire      #####...     4%          3    None
h - Blink                 Tloc           N/A          16%         2    None
i - Call Imp              Summ           ##......     16%         2    None


Dungeon Overview and Level Annotations

Branches:
Dungeon (12/15)            Temple (1/1) D:7            Lair (0/6) D:9
    Orc (2/2) D:11            Elf (0/3) Orc:2

Altars:
Ashenzari
Cheibriados
Dithmenos
Elyvilon
Fedhas
Gozag
Hepliaklqana
Kikubaaqudgha
Makhleb
Nemelex Xobeh
Okawaru
Qazlal
Ru
Sif Muna
Trog
Uskayaw
Vehumet
Xom
Yredelemnul
Zin
The Shining One

Shops:
D:6 ?   Orc:2 %!![[[

Annotations:
D:7 1 runed door
D:12 ucho's ghost, journeyman MiBe


Innate Abilities, Weirdness & Mutations

You cannot wear armour.
You are incapable of wielding weapons or throwing items.
Your paws allow you to move quietly. (Stealth)
You have sharp claws.
You have razor-sharp teeth.
You have supernaturally acute eyesight. (SInv)
You are carnivorous and can eat meat at any time.
You cover ground quickly.
Your thick and shaggy fur keeps you warm. (AC +3, rC+)
You have a slow metabolism.
You cannot drink potions while threatened.
You cannot read scrolls while threatened.
Your sharp claws are effective at attacking unaware monsters.
You are sensitive to extremes of temperature. (rF-, rC-)
You are partially covered in thin metallic scales. (AC +2)
Your flesh is heat resistant. (rF+)
Your spells are a little harder to cast, but a little more powerful.


Message History

An ogre comes into view. It is wielding a giant club.
The ogre shouts!
The ogre is poisoned.
Casting: Blink
Confirm with . or Enter, or press ? or * to list all spells.
Your toxic radiance grows in intensity.
The sixfirhy looks even sicker.
You redirect the sixfirhy's attack!
The sixfirhy misses itself.
The sixfirhy is stunned by your will and fails to attack.
The orc sorcerer gestures at you while chanting.
The bolt of negative energy misses you.
The sixfirhy looks even sicker.
The orc sorcerer looks even sicker.
The sixfirhy barely misses you. The sixfirhy completely misses you.
The sixfirhy hits you! The sixfirhy shocks you!
You feel threatened and lose the ability to read scrolls!
You feel threatened and lose the ability to drink potions!
The sixfirhy hits you!
* * * LOW HITPOINT WARNING * * *
The sixfirhy shocks you!
You die...

###.....÷≈# ##
≈≈####...§#8.. ≈≈..#...8
§≈≈§≈...§≈#... #≈..#...§
§§§......§#..O #≈..'...§
......8.§≈#∩.. #≈..'..8
....§...§§#... #≈.)'..
§≈≈≈≈..).§#...##≈.)#
§≈####...≈#8...≈§§.#
###....).≈#..)..@..##
#......).≈#≈≈≈.3)o..##
#..≈≈≈.).≈#####......##
∩.#####).≈#####.......##
#..≈≈≈.))≈≈§..#.....8.≈#
#.............+.....#.≈#
###..§....))8)#...._#≈§#
###8.§§≈....'..8### ##
#≈≈≈≈≈§≈≈...##...§≈#


You could see a sixfirhy and an orc sorcerer.

Vanquished Creatures
  Erolcha (Orc:2)
  3 two-headed ogres
  Erica (D:10)
  An ogre mage (Orc:2)
  Urug (D:10)
  2 orc knights (Orc:2)
  Pikel (D:5)
  7 orc sorcerers (Orc:2)
  A wolf spider (D:11)
  A cyclops (Orc:2)
  Joseph (D:7)
  2 centaur skeletons
  An orange demon (D:10)
  A tengu conjurer (D:11)
  A meliai (D:11)
  A troll (D:9)
  3 hippogriffs (D:11)
  A shadow (D:11)
  A wyvern (D:7)
  6 yaks (D:11)
  A hungry ghost (D:8)
  A basilisk (D:11)
  Menkaure (D:7)
  Duvessa (D:7)
  13 orc warriors
  An ice beast (D:5)
  A necrophage (D:9)
  4 sky beasts
  10 ogres
  An eye of draining (D:11)
  3 phantoms
  A boggart (D:11)
  4 centaurs
  A crocodile (D:9)
  A big kobold (D:7)
  8 bullfrogs
  A gnoll sergeant (D:6)
  A wyvern zombie (D:7)
  Dowan (D:7)
  A scorpion (D:11)
  10 wights
  11 killer bees
  3 howler monkeys (D:10)
  8 crimson imps
  2 quasits (D:8)
  A centaur zombie (D:8)
  10 orc priests
  Crazy Yiuf (D:2)
  7 hounds
  A jelly (D:10)
  Jessica (D:2)
  7 iguanas
  Natasha (thrice) (D:2)
  25 orc wizards
  5 worker ants
  2 killer bee zombies
  3 hound skeletons
  6 gnolls
  10 adders
  A shadow imp (D:7)
  An ooze (D:6)
  An adder skeleton (D:4)
  An adder zombie (D:7)
  2 worms
  A dart slug (D:1)
  6 leopard geckos
  74 orcs
  7 giant cockroaches
  5 goblins
  5 hobgoblins
  11 jackals
  9 quokkas
  6 bats
  7 frilled lizards
  A jackal skeleton (D:8)
  12 kobolds
  A leopard gecko skeleton (D:4)
  5 rats
  2 butterflies (D:7)
367 creatures vanquished.

Vanquished Creatures (others)
  A slave (D:5)
  A centaur (D:5)
  A scorpion (D:11)
  A bullfrog skeleton (D:5)
4 creatures vanquished.

Grand Total: 371 creatures vanquished

Notes
Turn   | Place    | Note
-------+----------+-------------------------------------------
     0 | D:1      | HighpriestofRu the Felid Venom Mage began the quest for the Orb.
     0 | D:1      | Reached XP level 1. HP: 7/7 MP: 4/4
   175 | D:1      | Reached skill level 1 in Conjurations
   526 | D:1      | Reached XP level 2. HP: 11/11 MP: 4/6
  1215 | D:1      | Learned a level 2 spell: Poisonous Vapours
  1257 | D:2      | Noticed Natasha
  1350 | D:2      | Noticed a crimson imp
  1366 | D:2      | Killed Natasha
  1366 | D:2      | Reached XP level 3. HP: 14/14 MP: 0/8
  1832 | D:2      | Noticed Natasha
  1837 | D:2      | Killed Natasha
  1837 | D:2      | Reached XP level 4. HP: 18/18 MP: 2/9
  1880 | D:2      | Noticed Natasha
  1921 | D:2      | Killed Natasha
  2015 | D:2      | Learned a level 4 spell: Olgreb's Toxic Radiance
  2030 | D:2      | Noticed Jessica
  2035 | D:2      | Killed Jessica
  2035 | D:2      | Reached XP level 5. HP: 21/21 MP: 4/11
  2280 | D:2      | Learned a level 3 spell: Mephitic Cloud
  2323 | D:2      | Found a runed door.
  2375 | D:2      | Noticed Crazy Yiuf
  2385 | D:2      | Killed Crazy Yiuf
  3221 | D:3      | Gained mutation: You are covered in thick fur. (AC +2) [Felid growth]
  3221 | D:3      | Reached XP level 6. HP: 24/24 MP: 8/13
  3230 | D:3      | Reached skill level 3 in Dodging
  4924 | D:5      | Entered Level 5 of the Dungeon
  5002 | D:5      | Killed from afar by an orc priest
  5003 | D:5      | Reached XP level 5. HP: 0/21 MP: 0/12
  5027 | D:5      | Noticed an ice beast
  5074 | D:5      | Killed an ice beast
  5074 | D:5      | Reached XP level 6. HP: 12/24 MP: 12/14
  5258 | D:5      | Reached skill level 4 in Dodging
  5393 | D:5      | Noticed a slave
  5395 | D:5      | Noticed a slave
  5398 | D:5      | Noticed Pikel
  5408 | D:5      | Noticed a slave
  5409 | D:5      | Killed Pikel
  5409 | D:5      | Reached skill level 5 in Dodging
  5409 | D:5      | Reached skill level 5 in Spellcasting
  5409 | D:5      | Reached skill level 5 in Poison Magic
  5409 | D:5      | Reached XP level 7. HP: 18/27 MP: 2/16
  5512 | D:5      | Learned a level 5 spell: Venom Bolt
  6302 | D:6      | Found Zoplil's Magic Scroll Boutique.
  6315 | D:6      | Reached XP level 8. HP: 27/31 MP: 9/17
  6403 | D:6      | Reached skill level 6 in Dodging
  6420 | D:6      | Gained mutation: Your system is resistant to poisons. (rPois) [mutagenic meat]
  6795 | D:6      | Reached skill level 5 in Conjurations
  7062 | D:7      | Noticed Duvessa
  7072 | D:7      | Noticed Dowan
  7075 | D:7      | Found a staircase to the Ecumenical Temple.
  7080 | D:7      | Killed Duvessa
  7085 | D:7      | HP: 1/31 [Dowan/dagger of speed (3)]
  7086 | D:7      | Killed Dowan
  7161 | D:7      | Noticed Joseph
  7165 | D:7      | Shot with a sling bullet by Joseph
  7166 | D:7      | Reached XP level 7. HP: -2/27 MP: 1/17
  7204 | D:7      | Killed Joseph
  7204 | D:7      | Reached skill level 7 in Dodging
  7204 | D:7      | Reached XP level 8. HP: 31/31 MP: 18/18
  7238 | D:7      | Lost mutation: Your system is resistant to poisons. (rPois) [potion of mutation]
  7238 | D:7      | Gained mutation: You have a somewhat thin skeletal structure. (Dex +2, Stealth) [potion of mutation]
  7238 | D:7      | Gained mutation: You have a pair of small antennae on your head. [potion of mutation]
  7238 | D:7      | Gained mutation: You possess an exceptional clarity of mind. [potion of mutation]
  7238 | D:7      | Gained mutation: You are robust. (+10% HP) [potion of mutation]
  7288 | D:7      | Noticed Menkaure
  7294 | D:7      | Killed Menkaure
  7857 | D:7      | Reached skill level 8 in Dodging
  8164 | D:7      | Noticed an angel
  8167 | D:7      | Found a white marble altar of Elyvilon.
  8168 | D:7      | Found a runed door.
  8672 | D:7      | Reached XP level 9. HP: 20/37 MP: 20/20
  8684 | D:7      | Learned a level 1 spell: Magic Dart
  8688 | D:7      | Learned a level 3 spell: Conjure Flame
  8691 | D:7      | Learned a level 2 spell: Blink
  9232 | Temple   | Entered the Ecumenical Temple
  9552 | Temple   | Became a worshipper of Ru the Awakened
 11145 | D:8      | Noticed a two-headed ogre
 11291 | D:8      | Killed a two-headed ogre
 11291 | D:8      | Reached skill level 9 in Dodging
 11573 | D:8      | Reached XP level 10. HP: 40/40 MP: 4/21
 12531 | D:9      | Gained mutation: You cannot read scrolls while threatened. [Ru sacrifice]
 12531 | D:9      | Reached * piety under Ru
 12863 | D:9      | Noticed a two-headed ogre
 12877 | D:9      | Killed a two-headed ogre
 13202 | D:9      | Lost mutation: You have a somewhat thin skeletal structure. (Dex +2, Stealth) [potion of mutation]
 13202 | D:9      | Lost mutation: You are robust. (+10% HP) [potion of mutation]
 13202 | D:9      | Gained mutation: You can translocate small distances at will. [potion of mutation]
 13202 | D:9      | Gained mutation: Your flesh is heat resistant. (rF+) [potion of mutation]
 13202 | D:9      | Gained mutation: You are partially covered in thin metallic scales. (AC +2) [potion of mutation]
 13302 | D:9      | Found a staircase to the Lair.
 13521 | D:10     | Entered Level 10 of the Dungeon
 13560 | D:10     | Noticed an orange demon
 13594 | D:10     | Noticed Erica
 13602 | D:10     | Noticed an orange demon
 13615 | D:10     | Killed an orange demon
 13616 | D:10     | Noticed an orange demon
 13617 | D:10     | Killed Erica
 13643 | D:10     | Noticed an orange demon
 14197 | D:11     | Reached skill level 10 in Dodging
 14217 | D:11     | Reached XP level 11. HP: 37/40 MP: 6/24
 14258 | D:11     | Found a staircase to the Orcish Mines.
 14309 | D:11     | Gained mutation: You are sensitive to extremes of temperature. (rF-, rC-) [Ru sacrifice]
 14309 | D:11     | Reached ** piety under Ru
 14309 | D:11     | Reached *** piety under Ru
 14309 | D:11     | Reached **** piety under Ru
 15070 | D:11     | Noticed a wolf spider
 15081 | D:11     | Killed a wolf spider
 15218 | D:11     | Noticed a two-headed ogre
 15271 | D:10     | Noticed Urug
 15311 | D:10     | Killed Urug
 15648 | D:11     | Killed a two-headed ogre
 15752 | D:11     | Noticed a cyan ugly thing
 15995 | D:11     | Learned a level 2 spell: Call Imp
 16432 | D:11     | Reached skill level 10 in Poison Magic
 16525 | D:12     | Noticed ucho's ghost (journeyman MiBe)
 16551 | D:12     | Noticed a two-headed ogre
 16765 | D:11     | HP: 2/40 [cyclops/large rock (38)]
 16770 | Orc:1    | Entered Level 1 of the Orcish Mines
 17211 | Orc:2    | Entered Level 2 of the Orcish Mines
 17212 | Orc:2    | Found Orchusmuta's Antique Armour Boutique.
 17217 | Orc:2    | Noticed an orc knight
 17220 | Orc:2    | Noticed an orc knight
 17229 | Orc:2    | Reached skill level 10 in Conjurations
 17239 | Orc:2    | Killed an orc knight
 17239 | Orc:2    | Reached skill level 11 in Dodging
 17243 | Orc:2    | Killed an orc knight
 17426 | Orc:2    | Found Ifaoxiu's Armour Shoppe.
 17677 | Orc:2    | Found a burning altar of Makhleb.
 17744 | Orc:2    | Found Hiugosh's Distillery.
 17752 | Orc:2    | Bought a potion of mutation for 96 gold pieces
 17752 | Orc:2    | Lost mutation: You have a pair of small antennae on your head. [potion of mutation]
 17752 | Orc:2    | Lost mutation: You possess an exceptional clarity of mind. [potion of mutation]
 17752 | Orc:2    | Lost mutation: You can translocate small distances at will. [potion of mutation]
 17752 | Orc:2    | Gained mutation: Your spells are a little harder to cast, but a little more powerful. [potion of mutation]
 17776 | Orc:2    | Found a staircase to the Elven Halls.
 17864 | Orc:2    | Noticed an orc sorcerer
 17869 | Orc:2    | Noticed a soul eater
 17877 | Orc:2    | Killed an orc sorcerer
 18081 | Orc:2    | HP: 1/40 [cyclops/large rock (39)]
 18168 | Orc:2    | Gained mutation: Your thick and shaggy fur keeps you warm. (AC +3, rC+) [Felid growth]
 18168 | Orc:2    | Reached XP level 12. HP: 43/44 MP: 25/25
 18593 | Orc:2    | Found Paodeos's Food Emporium.
 18659 | Orc:2    | Paralysed by an orc sorcerer for 3 turns
 18679 | Orc:2    | Noticed an ogre mage
 18699 | Orc:2    | Killed an ogre mage
 18872 | Orc:2    | Gained mutation: You cannot drink potions while threatened. [Ru sacrifice]
 18872 | Orc:2    | Reached ***** piety under Ru
 18876 | Orc:2    | Found a radiant altar of Vehumet.
 18877 | Orc:2    | Noticed Erolcha
 18893 | Orc:2    | Killed from afar by Erolcha
 18894 | Orc:2    | Reached XP level 11. HP: -20/40 MP: 3/25
 18898 | Orc:2    | Killed Erolcha
 19051 | Orc:2    | Noticed an orc sorcerer
 19053 | Orc:2    | Noticed an orc sorcerer
 19055 | Orc:2    | Noticed an orc sorcerer
 19059 | Orc:2    | Killed an orc sorcerer
 19061 | Orc:2    | Killed an orc sorcerer
 19068 | Orc:2    | Killed an orc sorcerer
 19086 | Orc:2    | Found Vitez's Distillery.
 19261 | Orc:2    | Found an ancient bone altar of Kikubaaqudgha.
 19261 | Orc:2    | Noticed an orc sorcerer
 19261 | Orc:2    | Noticed an orc sorcerer
 19268 | Orc:2    | Noticed a sun demon
 19269 | Orc:2    | Killed an orc sorcerer
 19271 | Orc:2    | Killed an orc sorcerer
 19442 | Orc:2    | Found Tyan Qio's Antique Armour Shoppe.
 19453 | Orc:2    | Noticed an orc sorcerer
 19456 | Orc:2    | Noticed a sixfirhy
 19463 | Orc:2    | Slain by a sixfirhy

Skill      XL: |  1  2  3  4  5  6  7  8  9 10 11 12 |
---------------+-------------------------------------+-----
Conjurations   | 1 2 4 6 7 8 10 | 10.8
Poison Magic   | 3 5 6 7 8 10 | 10.9
Spellcasting   | 3 4 5 6 7 8 9 |  9.3
Dodging        | 5 7 8 9 10 11 | 11.7
Stealth        | |  2.6

Action                   |  1- 3 |  4- 6 |  7- 9 | 10-12 || total
-------------------------+-------+-------+-------+-------++-------
Melee: Unarmed           |    27 |    55 |   261 |    73 ||   416
       Bite              |     2 |     4 |    39 |    13 ||    58
 Cast: Sting             |    35 |    12 |     8 |    10 ||    65
       Poisonous Vapours |    12 |    43 |    43 |    66 ||   164
       Olgreb's Toxic Ra |       |    18 |    52 |   121 ||   191
       Venom Bolt        |       |       |     4 |     2 ||     6
       Magic Dart        |       |       |   115 |   151 ||   266
       Conjure Flame     |       |       |    10 |    15 ||    25
       Blink             |       |       |     2 |    15 ||    17
       Call Imp          |       |       |       |     8 ||     8
Invok: Sacrifice Words   |       |       |       |     1 ||     1
       Draw Out Power    |       |       |       |     5 ||     5
       Power Leap        |       |       |       |     1 ||     1
       Sacrifice Resista |       |       |       |     1 ||     1
       Sacrifice Drink   |       |       |       |     1 ||     1
Evoke: Wand              |       |     8 |    33 |     1 ||    42
  Use: Scroll            |       |    11 |     6 |     1 ||    18
       Potion            |       |     6 |     3 |     6 ||    15
 Stab: Sleeping          |       |     2 |     2 |       ||     4
       Distracted        |       |       |       |     2 ||     2
  Eat: Chunk             |     8 |    12 |    28 |    29 ||    77
       Royal jelly       |       |       |     1 |       ||     1
Armor: Skin              |     6 |     3 |     6 |    16 ||    31
Dodge: Dodged            |    52 |    69 |   344 |   250 ||   715
